 Dungeon Crawl Stone Soup version 0.28-a0-500-g121bc3e445 (webtiles) character file.

Game seed: 11956346169505103769

29 Rohain the Magician (level 3, 0/25 HPs)
             Began as a Djinni Fire Elementalist on Sept 19, 2021.
             Slain by a gnoll (8 damage)
             ... on level 2 of the Dungeon.
             The game lasted 00:01:11 (1855 turns).

Rohain the Magician (Djinni Fire Elementalist)      Turns: 1855, Time: 00:01:12

Health: 0/25       AC:  2    Str:  7    XL:     3   Next: 32%
Gold:   45         EV:  3    Int: 17    God:
                   SH:  0    Dex: 13

rFire   + + .      SeeInvis .   (no weapon)
rCold   x . .      Faith    .   (no shield)
rNeg    . . .      Spirit   .   a - +0 robe
rPois   ∞          Reflect  .   (no helmet)
rElec   .          Harm     .   (no cloak)
rCorr   .          Rampage  .   (no gloves)
Will    .....                   (boots unavailable)
Stlth   ++........              (no amulet)
HPRegen 0.08/turn               (no ring)
MPRegen 0.00/turn               (no ring)

@: flying, held, constricted
A: sickness immunity, fire resistance 2, cold vulnerability 1, float, innate
caster, hp casting, extra vitality 1
a: no special abilities


You were on level 2 of the Dungeon.
You visited 1 branch of the dungeon, and saw 2 of its levels.

You collected 45 gold pieces.

Inventory:

Armour
 a - a +0 robe (worn)
Scrolls
 f - a scroll of enchant armour {unknown}
 g - a scroll of immolation {unknown}
Potions
 d - a potion of magic {unknown}
 e - a potion of degeneration {unknown}


   Skills:
 - Level 2.1 Dodging
 - Level 1.5 Stealth
 * Level 3.3 Spellcasting


You couldn't memorise any spells.
You knew the following spells:

 Your Spells              Type           Power      Damage    Failure   Level
a - Foxfire               Conj/Fire      56%        2x1d6     4%          1
b - Scorch                Fire           28%        2d6       6%          2
c - Conjure Flame         Conj/Fire      14%        6-21      13%         3
d - Inner Flame           Hex/Fire       14%        N/A       13%         3
e - Flame Wave            Conj/Fire      14%        3d5       38%         4
f - Magic Dart            Conj           56%        1d5       4%          1
Your spell library was empty.

Dungeon Overview and Level Annotations

Branches:
Dungeon (2/15)

Altars:


Innate Abilities, Weirdness & Mutations

You are immune to sickness and miasma.
You are immune to poison.
Your flesh is very heat resistant. (rF++)
You are vulnerable to cold. (rC-)
You float through the air rather than walking.
You learn spells naturally, not from books.
Your magical power is your life essence.
You have superior vitality. (+4 HP)


Message History

A dart slug comes into view.
You conjure some foxfire!
The foxfire hits the gnoll.
You kill the gnoll!
The foxfire hits the ball python.
You kill the ball python!
The gnoll misses you.
You have reached level 3!
Your experience leads to an increase in your attributes!
Increase (S)trength, (I)ntelligence, or (D)exterity?
You feel clever.
The power to cast Magic Dart wells up from within.
Spell assigned to 'f'.
The foxfire hits the gnoll but does no damage.
The foxfire hits the jackal.
The jackal is moderately wounded.
The gnoll throws a throwing net.
The throwing net hits you.
You become entangled in the net!
You stop ascending the stairs.
The gnoll barely misses you.
Unknown command.
You conjure some foxfire!
The jackal bites you.
A frilled lizard comes into view.
The gnoll hits you with a +0 flail! The jackal bites you.
You are too injured to fight recklessly!
Unknown command.
As you read the scroll labelled RAEWOS IQIGADYP, it crumbles to dust.
It is a scroll of amnesia.
You feel forgetful for a moment.
The foxfire hits the gnoll.
The gnoll is lightly wounded.
The foxfire hits the jackal.
The jackal is moderately wounded.
The jackal barely misses you. The ball python barely misses you.
The ball python grabs you. The ball python constricts you.
The gnoll barely misses you.
Unknown command.
As you read the scroll labelled SATHRU DUEVVUIGH, it crumbles to dust.
It is a scroll of enchant weapon.
You aren't carrying any weapons that can be enchanted.
The jackal bites you but does no damage.
The gnoll hits you with a +0 whip!
You die...

#? ..##### .#
#.####.....##.#
..............#
...........w...
...............
#...........#
#......Sg...#
#.....h@g)l#
#.#.).#.......#
### #####..##
^#


You could see 2 gnolls, a dart slug, a jackal, a ball python and a frilled
lizard.

Vanquished Creatures
  A gnoll (D:2)
  3 goblins (D:1)
  A hobgoblin (D:1)
  A kobold (D:1)
  A quokka (D:1)
  4 ball pythons
  A bat (D:1)
  2 frilled lizards (D:1)
  9 rats (D:1)
23 creatures vanquished.

Vanquished Creatures (others)
  130 foxfires
130 creatures vanquished.

Grand Total: 153 creatures vanquished

Notes
Turn   | Place    | Note
-------+----------+-------------------------------------------
     0 | D:1      | Rohain the Djinni Fire Elementalist began the quest for the
                  | Orb.
     0 | D:1      | Reached XP level 1. HP: 15/15 MP: 0/0
   503 | D:1      | Reached XP level 2. HP: 18/21 MP: 0/0
  1080 | D:1      | Reached skill level 3 in Spellcasting
  1852 | D:2      | Reached XP level 3. HP: 22/25 MP: 0/0
  1852 | D:2      | Learned a level 1 spell: Magic Dart
  1855 | D:2      | Slain by a gnoll

Illustrated notes

Levels and vault maps discovered:
D:1:      matt_arrival_los_fun, layout_basic, ebering_dispersal_statue_hall,
          minmay_rat_gold_closets
D:2:      cheibrodos_pilgrimage, layout_rooms, basic_altar, minmay_heptomino_o4,
          uniq_natasha

Skill      XL: |  1  2 |
---------------+-------+-----
Spellcasting   | 3 |  3.3
Dodging        | |  2.1
Stealth        | |  1.5

Action                   || total
-------------------------++-------
 Cast: Foxfire           ||    80
  Use: Scroll            ||     2
Armor: Robe              ||     1
Dodge: Dodged            ||     7

Table legend: (Time is in decaauts)
 A = Elapsed time spent in this place.
 B = Non-inter-level travel time spent in this place.
 C = Inter-level travel time spent in this place.
 D = Time resting spent in this place.
 E = Time spent auto-exploring this place.
 F = Levels seen in this place.
 G = Mean time per level.
                   A        B        C        D        E       F      G
               +--------+--------+--------+--------+--------+-----+--------+
         Total |   1854 |   1832 |     22 |      0 |   1684 |   2 |  927.0 |
       Dungeon |   1854 |   1832 |     22 |      0 |   1684 |   2 |  927.0 |
               +--------+--------+--------+--------+--------+-----+--------+

Top non-repeatable levels by time:
     D:1: 1848 daAuts
     D:2: 6 daAuts
